 Dungeon Crawl Stone Soup version 0.19-a0-593-gf2cdb02 (webtiles) character file.

286365 vev the Black Belt (level 20, -3/169 HPs)
             Began as a Red Draconian Transmuter on June 9, 2016.
             Was a Believer of Uskayaw.
             Slain by an ettin
             ... wielding a +0 dire flail
              (25 damage)
             ... while paralysed by a great orb of eyes
             ... on level 4 of the Vaults on June 10, 2016.
             The game lasted 06:01:23 (56404 turns).

vev the Black Belt (Red Draconian Transmuter)      Turns: 56404, Time: 06:01:24

Health: -3/169     AC: 21    Str: 17    XL:     20   Next: 19%
Magic:  32/35      EV:  2    Int: 19    God:    Uskayaw [**....]
Gold:   1611       SH:  0    Dex: 16    Spells: 7 memorised, 20 levels left

rFire  + . .     SeeInvis .       - Unarmed
rCold  + + .     Gourm    .     (armour unavailable)
rNeg   + . .     Faith    .     w - +3 buckler {rN+}
rPois  .         Spirit   .     l - +2 hat
rElec  +         Dismiss  .     t - +2 cloak
rCorr  .         Reflect  .     b - +1 pair of gloves
SustAt .         Harm     .     y - +2 pair of boots
MR     ++...                    X - amulet "Mohawitt" {Inacc rElec rC+ Str-3}
Stlth  +++.......               D - +3 ring of slaying
                                p - ring of the Prince of Darkness {rC+ Str+5 Int+4 Dex-3}

@: paralysed, appendage, singing, repel missiles, very resistant to hostile
enchantments, fairly stealthy
A: breathe fire, unfitting armour, horns 2, talons 1, clever 1, fire resistance
1, magic resistance 1, shaggy fur 1, electricity resistance, cold-blooded, AC
+10
a: Breathe Fire, End Transformation, Stomp, Line Pass, Renounce Religion, Stop
Singing
}: 1/15 runes: decaying


You were on level 4 of the Vaults.
You worshipped Uskayaw.
Uskayaw was pleased with you.
You were not hungry.
You had grown temporary horns.
You visited 5 branches of the dungeon, and saw 33 of its levels.
You visited the Abyss 1 time.
You also visited: Labyrinth and Ice Cave.

You collected 4363 gold pieces.
You spent 2752 gold pieces at shops.

Inventory:

Missiles
 F - 15 javelins (quivered)
Armour
 b - a +1 pair of gloves (worn)
 l - a +2 hat (worn)
 t - a +2 cloak (worn)
 w - a +3 buckler of positive energy (worn)
 y - a +2 pair of boots (worn)
Rods
 i - a +6 rod of clouds (12/12)
   (You found it in an ice cave)
 x - a +5 rod of shadows (10/10)
   (You found it in a labyrinth)
Jewellery
 e - an uncursed ring of protection from cold
 h - an uncursed amulet of guardian spirit
 p - the ring of the Prince of Darkness (left hand) {rC+ Str+5 Int+4 Dex-3}
   (You bought it in a shop on level 2 of the Orcish Mines)

   [ring of protection from cold]

   It affects your strength (+5).
   It affects your intelligence (+4).
   It affects your dexterity (-3).
   It protects you from cold.
 q - an uncursed ring of resist corrosion
 A - an uncursed ring of sustain attributes
 D - a +3 ring of slaying (right hand)
 E - the ring "Zolir" {rPois MP-9 Int+4 Dex-2 SInv}
   (You found it on level 4 of the Vaults)

   [ring of intelligence]

   It affects your intelligence (+4).
   It affects your dexterity (-2).
   It protects you from poison.
   It affects your magic capacity (-9).
   It lets you see invisible.
 X - the amulet "Mohawitt" (around neck) {Inacc rElec rC+ Str-3}
   (You found it on level 4 of the Vaults)

   [amulet of inaccuracy]

   It reduces the accuracy of all your attacks.
   It affects your strength (-3).
   It protects you from cold.
   It insulates you from electricity.
Wands
 J - a wand of digging (10/24)
 N - a wand of disintegration (20/24)
 O - a wand of heal wounds (4/9)
 U - a wand of lightning (4/15)
 W - a wand of teleportation (4/9)
Scrolls
 f - 10 scrolls of identify
 k - 19 scrolls of remove curse
 o - a scroll of silence
 v - a scroll of fog
 C - a scroll of holy word
 H - 4 scrolls of fear
 I - 3 scrolls of magic mapping
 L - 7 scrolls of teleportation
 P - 2 scrolls of recharging
 Q - 3 scrolls of blinking
Potions
 a - 4 potions of cancellation
 d - 5 potions of resistance
 g - 7 potions of brilliance
 m - 3 potions of invisibility
 n - 2 potions of berserk rage
 r - 6 potions of flight
 u - 10 potions of curing
 z - 6 potions of heal wounds
 B - 4 potions of haste
 K - 5 potions of might
 M - a potion of agility
 S - a potion of magic
 Z - 8 potions of ambrosia
Books
 T - the Collected Works on Lightness
   (You found it on level 4 of the Vaults)

   Spells                             Type                      Level
   a - Shock                          Conjuration/Air              1
   b - Summon Lightning Spire         Summoning/Air                4
   c - Deflect Missiles               Charms/Air                   6
   d - Tornado                        Air                          9
Miscellaneous
 s - a disc of storms
 G - a phial of floods
Comestibles
 c - 9 bread rations
 j - 22 fruits
 R - 6 meat rations
 V - 14 royal jellies
 Y - 3 chunks of flesh


   Skills:
 - Level 12.3 Fighting
 - Level 10.6 Dodging
 - Level 6.0 Stealth
 - Level 6.6 Shields
 * Level 19.9 Unarmed Combat
 + Level 11.6 Spellcasting
 - Level 8.4 Charms
 - Level 6.0 Translocations
 - Level 15.0 Transmutations
 - Level 11.6 Invocations
 + Level 8.0 Evocations


You had 20 spell levels left.
You knew the following spells:

 Your Spells              Type           Power        Failure   Level  Hunger
a - Beastly Appendage     Tmut           ######       0%          1    None
b - Blink                 Tloc           N/A          1%          2    None
m - Repel Missiles        Chrm/Air       ####..       1%          2    None
r - Regeneration          Chrm/Necr      ####......   3%          3    None
s - Song of Slaying       Chrm           #####...     1%          2    None
w - Dragon Form           Tmut           ######....   14%         7    #######
x - Blade Hands           Tmut           ######....   1%          5    ####...


Dungeon Overview and Level Annotations

Branches:
Dungeon (15/15)            Temple (0/1) D:4            Lair (8/8) D:11
  Swamp (4/4) Lair:6        Snake (0/4) Lair:4        Slime (0/6) Lair:6
    Orc (2/2) D:11            Elf (0/3) Orc:2        Vaults (4/5) D:13
  Crypt (0/3) Vaults:2     Depths (0/5) D:15

Altars:
Dithmenos
Elyvilon
Fedhas
Hepliaklqana
Kikubaaqudgha
Okawaru
Pakellas
Qazlal
Sif Muna
Trog
Uskayaw
Vehumet
Xom
Zin
Jiyva

Shops:
Orc:1 :   Orc:2 [*=([   Vaults:1 ?

Portals:
Trove: Vaults:3 (give 18 scrolls of identify)

Annotations:
D:3 1 exclusion
D:4 exclusion: angel
Lair:3 Urug
Lair:5 2 exclusions
Swamp:1 1 exclusion
Vaults:4 1 exclusion


Innate Abilities, Weirdness & Mutations

You can breathe blasts of fire.
Your fiery red scales are hard. (AC +10)
Your body does not fit into most forms of armour.
Your flesh is heat resistant. (rF+)
You are cold-blooded and may be slowed by cold attacks.
You have a pair of horns on your head.
You have sharp toenails.
Your mind is acute. (Int +2)
You are resistant to hostile enchantments. (MR+)
You are covered in fur. (AC +1)
You are resistant to electric shocks. (rElec)


Message History

Casting: Regeneration
Confirm with . or Enter, or press ? or * to list all spells.
You start singing a song of slaying.
The great orb of eyes gazes at you. You resist with almost no effort.
You closely miss the ettin.
The ettin is heavily wounded.
The ettin hits you with a dire flail!! x2
The great orb of eyes gazes at you.
You easily resist.
Casting: Song of Slaying
Confirm with . or Enter, or press ? or * to list all spells.
You grow a pair of large bovine horns.
The great orb of eyes gazes at you.
You suddenly lose the ability to move!
The ettin completely misses you. The ettin hits you with a dire flail!!!
* * * LOW HITPOINT WARNING * * *
The great orb of eyes bites you but does no damage.
The ettin hits you with a dire flail!!
You die...

##.## #........<.#
#...# ############
##.## ######## #...#
#......# ##.## #......#
#...# #......# ##.##
######......# ##...#
####....#.C....#
###'####..'.##.#@G....#
'.....##..#.##.'......#
#.....#####....########
#.....#....#####
#.....#.##.#
#.....'.##.+
#######....#
############
.....##########


You could see a great orb of eyes and an ettin.

Vanquished Creatures
  An ancient lich (Abyss:1)
  A golden dragon (Vaults:4)
  A lich (Vaults:4)
  A tentacled monstrosity (Vaults:4)
  Kirke (D:15)
  The ghost of tstbtto the Severer, an adept DDFi of Trog (Swamp:4)
  8 thorn hunters
  2 shadow dragons
  3 storm dragons
  A greater naga (Vaults:4)
  Maud (D:12)
  A deep elf sorcerer (Vaults:2)
  3 frost giants
  7 vault wardens
  A fire giant (D:15)
  10 ironheart preservers
  An orc warlord (Orc:2)
  A war gargoyle (Vaults:4)
  9 stone giants
  A green draconian (Vaults:4)
  11 very ugly things
  A mottled draconian (Vaults:4)
  4 ettins
  A minotaur (Lab)
  5 fire dragons
  7 yaktaur captains
  2 great orbs of eyes (Vaults:4)
  Josephine (D:13)
  Harold (Lair:3)
  2 ice dragons (Swamp:3)
  Erolcha (Orc:1)
  12 vault guards
  Fannar (D:12)
  A rakshasa (Vaults:2)
  8 ogre magi
  25 hydras
  A death knight (Vaults:1)
  2 ghost crabs
  A catoblepas (Vaults:4)
  Erica (Orc:1)
  8 death yaks
  9 centaur warriors
  9 alligators
  A deep troll earth mage (Vaults:1)
  4 orc high priests (Orc:2)
  5 deep elf knights
  A fire crab (shapeshifter) (Vaults:4)
  Sonja (Orc:2)
  3 skeletal warriors (D:15)
  A shadow wraith (Vaults:4)
  2 fire crabs
  A hell knight (Vaults:4)
  2 unseen horrors
  A sea snake (shapeshifter) (Vaults:2)
  13 swamp dragons
  2 deep trolls (Vaults:1)
  5 shambling mangroves
  A giant orange brain (Vaults:3)
  4 spriggan druids
  3 deep elf archers
  3 wizards
  9 ironbrand convokers
  9 hill giants
  3 lindwurms (Swamp:3)
  21 orc knights
  Pikel (D:6)
  A frost giant zombie (Abyss:1)
  8 deep elf magi
  3 necromancers
  2 phantasmal warriors
  6 wolf spiders
  11 griffons
  5 hornets
  7 orc sorcerers
  A tengu skeleton (Vaults:2)
  2 human zombies (Vaults:2)
  34 ugly things
  A manticore (D:14)
  4 oklob plants
  6 cyclopes
  2 shadow dragon skeletons (Vaults:4)
  An octopode (shapeshifter) (Vaults:3)
  An elephant (Lair:7)
  16 black mambas
  7 vault sentinels
  2 guardian serpents
  Maurice (D:13)
  32 spiny frogs
  5 ice statues (IceCv)
  2 kobold demonologists (Vaults:1)
  4 rime drakes
  28 yaktaurs
  3 efreet
  9 komodo dragons
  5 freezing wraiths
  A komodo dragon (shapeshifter) (Vaults:4)
  12 trolls
  2 tengu conjurers (D:15)
  13 two-headed ogres
  A queen bee (shapeshifter) (Vaults:1)
  A meliai (shapeshifter) (D:14)
  A jumping spider (shapeshifter) (Vaults:3)
  A merfolk (shapeshifter) (Vaults:4)
  2 boulder beetles
  22 slime creatures
  27 blink frogs
  A blink frog (shapeshifter) (D:14)
  3 large abominations (Abyss:1)
  Grinder (D:4)
  A stone giant simulacrum (Vaults:1)
  9 bog bodies
  7 giant leeches
  A small abomination (Abyss:1)
  A vampire (D:15)
  Prince Ribbit (D:7)
  5 redbacks
  Sigmund (D:4)
  5 spriggans
  3 shadows
  4 dire elephant simulacra (IceCv)
  4 hippogriffs
  29 yaks
  A tarantella (shapeshifter) (Vaults:3)
  8 wyverns
  5 wraiths
  A hog (D:15)
  A human (shapeshifter) (Vaults:3)
  A basilisk (shapeshifter) (Vaults:3)
  3 basilisks
  3 hungry ghosts
  16 insubstantial wisps
  5 wargs
  30 vampire mosquitoes
  22 swamp worms
  An iron troll simulacrum (IceCv)
  A mottled dragon (Vaults:2)
  31 water moccasins
  4 hydra simulacra
  A soldier ant (D:15)
  12 porcupines
  A slave (D:7)
  A black bear (D:10)
  7 ice beasts
  44 orc warriors
  26 swamp drakes
  18 wasps
  A phantom (D:7)
  2 sky beasts (D:8)
  17 wolves
  A necrophage (D:13)
  2 eyes of draining
  A tengu (shapeshifter) (Vaults:1)
  35 ogres
  17 boggarts
  17 centaurs
  2 ettin simulacra
  17 crocodiles
  An elf skeleton (Vaults:4)
  3 big kobolds
  22 giant frogs
  A human skeleton (Vaults:2)
  5 scorpions
  2 wyvern skeletons
  18 killer bees
  An orc simulacrum (Vaults:1)
  2 human simulacra (Vaults:2)
  8 wights
  7 howler monkeys
  A troll skeleton (Lab)
  A vampire bat (D:5)
  9 crimson imps
  5 giant frog zombies
  A centaur zombie (D:11)
  21 orc wizards
  Crazy Yiuf (D:6)
  7 jellies
  17 orc priests
  8 centaur skeletons
  10 hounds
  2 giant frog skeletons
  9 iguanas
  6 hell rats
  15 worker ants
  13 sheep
  An ogre skeleton (Lab)
  A hound zombie (D:6)
  3 hound skeletons
  Robin (D:2)
  18 adders
  A howler monkey skeleton (D:9)
  76 river rats
  7 shadow imps
  8 oozes
  An ufetubus (Abyss:1)
  An adder zombie (D:6)
  2 worms
  5 dart slugs
  3 fire bats (D:5)
  7 giant geckos
  76 orcs
  2 spectral bats (D:5)
  3 bat skeletons (D:5)
  A bat zombie (D:5)
  9 giant cockroaches
  12 goblins
  11 hobgoblins
  14 jackals
  14 kobolds
  6 quokkas
  2 ball pythons
  17 bats
  A bat simulacrum (D:5)
  A giant gecko zombie (D:5)
  7 giant newts
  A quokka skeleton (D:6)
  13 rats
  4 briar patches (Swamp:2)
  2 bushes
  A fungus (Swamp:3)
  A plant (Lair:8)
1517 creatures vanquished.

Vanquished Creatures (collateral kills)
  Rupert (D:12)
  Louise (D:14)
  A centaur zombie (D:12)
  A wraith (D:14)
  A hog (D:15)
  An orc warrior (D:14)
  A black bear (D:3)
  A wight (D:12)
8 creatures vanquished.

Vanquished Creatures (others)
  2 ogre magi
  A bog body (Swamp:3)
  A shadow (Swamp:1)
  2 humans (D:15)
  A swamp worm (Swamp:4)
  2 swamp drakes (Swamp:3)
  An orc warrior (Vaults:1)
  2 gnolls (D:7)
  An orc (D:7)
  A goblin (D:7)
  2 hobgoblins (D:7)
  A briar patch (Swamp:2)
  A bush (Lair:8)
  54 fungi
  42 plants
  A withered plant (D:6)
115 creatures vanquished.

Grand Total: 1640 creatures vanquished

Notes
Turn   | Place    | Note
--------------------------------------------------------------
     0 | D:1      | vev the Draconian Transmuter began the quest for the Orb.
     0 | D:1      | Reached XP level 1. HP: 16/16 MP: 3/3
   293 | D:1      | Reached XP level 2. HP: 12/23 MP: 5/5
   646 | D:1      | Reached skill level 4 in Unarmed Combat
   668 | D:1      | Reached XP level 3. HP: 23/28 MP: 6/6
   957 | D:2      | Noticed Robin
  1501 | D:1      | Reached XP level 4. HP: 34/35 MP: 5/7
  1553 | D:1      | Reached skill level 5 in Unarmed Combat
  2253 | D:2      | Killed Robin
  2427 | D:3      | Found a hide-covered altar of Uskayaw.
  2455 | D:3      | Reached XP level 5. HP: 20/41 MP: 8/8
  2469 | D:3      | Became a worshipper of Uskayaw the Reveler
  2622 | D:3      | Learned a level 2 spell: Sticks to Snakes
  2683 | D:3      | Reached * piety under Uskayaw
  2741 | D:3      | Noticed a black bear
  2757 | D:3      | Killed a black bear
  2757 | D:3      | Reached skill level 1 in Stealth
  3001 | D:3      | Found a bloodstained altar of Trog.
  3001 | D:3      | Found a shadowy altar of Dithmenos.
  3003 | D:3      | Found an oddly glowing altar of Pakellas.
  3383 | D:4      | Found a shimmering altar of Xom.
  3383 | D:4      | Noticed an angel
  3438 | D:4      | Got a pitted trident
  3448 | D:4      | Noticed Grinder
  3598 | D:4      | Noticed an ogre
  3601 | D:4      | Reached ** piety under Uskayaw
  3602 | D:4      | Killed an ogre
  3602 | D:4      | Reached XP level 6. HP: 50/50 MP: 6/9
  3686 | D:4      | Found a staircase to the Ecumenical Temple.
  3844 | D:4      | Noticed Sigmund
  3857 | D:4      | Reached *** piety under Uskayaw
  3858 | D:4      | Killed Sigmund
  3858 | D:4      | Reached skill level 6 in Unarmed Combat
  3860 | D:4      | Reached **** piety under Uskayaw
  3868 | D:4      | Reached ***** piety under Uskayaw
  3871 | D:4      | Killed Grinder
  3871 | D:4      | Your scales start taking on a fiery red colour.
  3871 | D:4      | Reached XP level 7. HP: 38/57 MP: 8/10
  3871 | D:4      | Gained mutation: Your flesh is heat resistant. (rF+) [Red Draconian growth]
  4060 | D:4      | Found a glowing silver altar of Zin.
  4217 | D:4      | Found a white marble altar of Elyvilon.
  4835 | D:5      | Entered Level 5 of the Dungeon
  4880 | D:5      | Identified the +2 trident "Rumiban" {freeze, rElec rPois rF+ Dex+4} (You found it on level 4 of the Dungeon)
  5026 | D:5      | Reached XP level 8. HP: 27/63 MP: 11/11
  5659 | D:5      | Reached skill level 5 in Shields
  6370 | D:6      | Reached skill level 7 in Unarmed Combat
  6458 | D:6      | Found a stormy altar of Qazlal.
  6853 | D:6      | Noticed Prince Ribbit
  7140 | D:6      | Found an ancient bone altar of Kikubaaqudgha.
  7225 | D:6      | Found a deep blue altar of Sif Muna.
  7469 | D:6      | Noticed Crazy Yiuf
  7476 | D:6      | Killed Crazy Yiuf
  7642 | D:7      | Reached XP level 9. HP: 59/71 MP: 12/12
  7701 | D:7      | Found a hazy altar of Hepliaklqana.
  8529 | D:7      | Noticed Pikel
  8587 | D:6      | Killed Pikel
  8587 | D:6      | Reached skill level 8 in Unarmed Combat
  8883 | D:7      | Killed Prince Ribbit
  8883 | D:7      | Reached skill level 5 in Fighting
  9135 | D:7      | Found an iron altar of Okawaru.
  9559 | D:8      | Reached skill level 5 in Stealth
  9603 | D:8      | Gained mutation: You are dopey. (Int -2) [mutagenic meat]
  9724 | D:8      | Gained mutation: You evolve. [mutagenic meat]
  9768 | D:8      | Reached skill level 5 in Dodging
  9846 | D:8      | Reached XP level 10. HP: 50/83 MP: 9/13
 10733 | D:9      | Reached skill level 5 in Transmutations
 11709 | D:10     | Entered Level 10 of the Dungeon
 11894 | D:10     | Noticed a hill giant
 11908 | D:10     | Killed a hill giant
 12905 | D:11     | Found a staircase to the Orcish Mines.
 12986 | D:11     | HP: 4/88 [komodo dragon (12)]
 12988 | D:11     | Reached skill level 1 in Evocations
 13045 | D:11     | Noticed a hill giant
 14033 | D:11     | Gained mutation: You are covered in fur. (AC +1) [evolution]
 14416 | D:11     | You fall through a shaft!
 14439 | D:12     | Noticed Rupert
 14536 | D:11     | Noticed an unseen horror
 14540 | D:11     | Found a staircase to the Lair.
 14540 | D:11     | Noticed an oklob plant
 14708 | D:11     | Killed an unseen horror
 14708 | D:11     | Reached XP level 11. HP: 42/95 MP: 14/14
 14953 | D:11     | Killed an oklob plant
 14953 | D:11     | Reached skill level 9 in Unarmed Combat
 15138 | D:11     | Killed a hill giant
 15409 | D:11     | Found a blossoming altar of Fedhas.
 15532 | D:11     | Learned a level 2 spell: Blink
 15535 | D:11     | Learned a level 2 spell: Repel Missiles
 16099 | Lair:1   | Entered Level 1 of the Lair of Beasts
 16254 | D:11     | Gained mutation: Your body sometimes deteriorates upon taking damage. [evolution]
 17041 | Lair:1   | Gained mutation: You are resistant to electric shocks. (rElec) [potion of beneficial mutation]
 17055 | Lair:1   | Reached skill level 10 in Unarmed Combat
 17557 | Lair:2   | Reached skill level 1 in Translocations
 17708 | Lair:2   | Noticed a four-headed hydra
 17910 | Lair:3   | Noticed Harold
 17923 | Lair:3   | Killed Harold
 17923 | Lair:3   | Reached skill level 5 in Translocations
 18560 | Lair:3   | Noticed Urug
 18760 | Lair:2   | Reached XP level 12. HP: 77/105 MP: 11/15
 18760 | Lair:2   | Reached ****** piety under Uskayaw
 19166 | Lair:2   | Killed a four-headed hydra
 19247 | Lair:2   | Noticed a seven-headed hydra
 19258 | Lair:2   | Killed a seven-headed hydra
 19258 | Lair:2   | Reached skill level 1 in Invocations
 19472 | Lair:4   | Lost mutation: Your body sometimes deteriorates upon taking damage. [evolution]
 19546 | Lair:4   | Found a staircase to the Snake Pit.
 19989 | Lair:4   | Noticed a seven-headed hydra
 20005 | Lair:4   | Killed a seven-headed hydra
 20005 | Lair:4   | Reached skill level 10 in Fighting
 20139 | Lair:4   | Noticed a six-headed hydra
 20162 | Lair:4   | Killed a six-headed hydra
 20615 | Lair:5   | Noticed a four-headed hydra
 20627 | Lair:5   | Killed a four-headed hydra
 20664 | Lair:5   | Reached skill level 11 in Unarmed Combat
 20748 | Lair:5   | Reached skill level 5 in Invocations
 20940 | Lair:5   | Noticed a death yak
 21677 | Lair:5   | Noticed a death yak
 21686 | Lair:5   | Noticed a death yak
 21787 | Lair:5   | Noticed a death yak
 21790 | Lair:5   | Killed a death yak
 21801 | Lair:5   | Killed a death yak
 21801 | Lair:5   | Reached XP level 13. HP: 55/114 MP: 8/17
 22295 | Lair:4   | Learned a level 5 spell: Blade Hands
 22930 | Lair:6   | Found a hazy altar of Hepliaklqana.
 22962 | Lair:6   | Reached skill level 12 in Unarmed Combat
 23014 | Lair:6   | Found a viscous altar of Jiyva.
 23015 | Lair:6   | Found a staircase to the Slime Pits.
 23286 | Lair:6   | Found a staircase to the Swamp.
 23418 | Lair:6   | Lost mutation: You are dopey. (Int -2) [evolution]
 23418 | Lair:6   | Lost mutation: You evolve. [end of evolution]
 25289 | Lair:7   | Got a transparent platinum ring
 25290 | Lair:7   | Identified the ring of Peace {rElec Str+2} (You found it on level 7 of the Lair of Beasts)
 26780 | Lair:7   | Reached skill level 5 in Spellcasting
 26851 | Lair:7   | Reached XP level 14. HP: 88/122 MP: 17/21
 27791 | Lair:7   | Reached skill level 10 in Transmutations
 27951 | Lair:8   | Entered Level 8 of the Lair of Beasts
 31877 | Lair:8   | Reached skill level 13 in Unarmed Combat
 32820 | D:12     | Found a white marble altar of Elyvilon.
 33080 | D:12     | Killed Rupert
 33306 | D:12     | Noticed Fannar
 33372 | D:12     | Killed Fannar
 33372 | D:12     | Reached skill level 5 in Evocations
 33428 | D:12     | Noticed Maud
 33443 | D:12     | Killed Maud
 33855 | D:13     | Reached XP level 15. HP: 119/130 MP: 20/23
 33934 | D:13     | Noticed Maurice
 33944 | D:13     | Killed Maurice
 33945 | D:13     | Noticed Josephine
 33948 | D:13     | Killed Josephine
 33948 | D:13     | Reached skill level 10 in Dodging
 34982 | D:13     | Found a gate to the Vaults.
 35038 | D:13     | Reached skill level 14 in Unarmed Combat
 35341 | D:14     | Noticed Louise
 35366 | D:14     | Killed Louise
 36073 | D:15     | Entered Level 15 of the Dungeon
 36097 | D:15     | Found a shimmering altar of Xom.
 36158 | D:15     | Found a staircase to the Depths.
 36158 | D:15     | Noticed a fire giant
 36170 | D:15     | Noticed Kirke
 36178 | D:15     | Found a labyrinth entrance.
 36187 | Lab      | Entered a labyrinth
 36432 | Lab      | Got a scorched glass ring
 36434 | Lab      | Identified the ring of Xoun {rN+ Str+2 Dex+8 Slay-4 Stlth-} (You found it in a labyrinth)
 36447 | Lab      | Got a shimmering ivory ring
 36448 | Lab      | Identified the ring "Uklaplom" {*Tele MP-9 Str+4 SInv Stlth+} (You found it in a labyrinth)
 36454 | Lab      | Identified a +5 rod of shadows (10/10) (You found it in a labyrinth)
 36464 | Lab      | Learned a level 7 spell: Dragon Form
 36605 | D:15     | Killed Kirke
 37064 | D:15     | Killed a fire giant
 37423 | D:15     | Identified a scroll of acquirement
 37424 | D:15     | Got a pair of translucent gloves
 37435 | D:15     | Identified the -4 pair of gloves "Pockyes" {rN++ Regen+ Dex-2 Slay+2} (You acquired it on level 15 of the Dungeon)
 37455 | D:15     | Upgraded the game from 0.19-a0-585-ge40200b to 0.19-a0-593-gf2cdb02
 37649 | Orc:1    | Entered Level 1 of the Orcish Mines
 37730 | Orc:1    | Noticed Erolcha
 37744 | Orc:1    | Killed Erolcha
 37745 | Orc:1    | Found Digac's Book Boutique.
 38003 | Orc:2    | Entered Level 2 of the Orcish Mines
 38077 | Orc:2    | Found Saschaur's Antique Weapon Emporium.
 38262 | Orc:2    | Reached skill level 15 in Unarmed Combat
 38292 | Orc:2    | Found Igreopsa's Armour Shoppe.
 38361 | Orc:2    | Noticed an orc warlord
 39154 | Orc:2    | Noticed Sonja
 39164 | Orc:2    | Cast into level 1 of the Abyss (Sonja)
 39325 | Abyss:1  | Reached XP level 16. HP: 96/139 MP: 17/25
 39612 | Abyss:1  | Noticed an ancient lich
 39621 | Abyss:1  | Killed an ancient lich
 39650 | Orc:2    | Escaped the Abyss
 39704 | Orc:2    | Killed Sonja
 39773 | Orc:2    | Found Irec's Jewellery Shoppe.
 39778 | Orc:2    | Found a staircase to the Elven Halls.
 39947 | Orc:2    | Bought the ring of the Prince of Darkness {rC+ Str+5 Int+4 Dex-3} for 579 gold pieces
 39979 | Orc:2    | Found Tasak's General Store.
 40064 | Orc:2    | Found Fatrax's Antique Armour Emporium.
 40083 | Orc:2    | Bought a shiny buckler for 166 gold pieces
 40083 | Orc:2    | Bought an embroidered hat for 148 gold pieces
 40083 | Orc:2    | Bought a glowing hat for 148 gold pieces
 40336 | Orc:1    | Bought a book of Battle for 640 gold pieces
 40340 | Orc:1    | Learned a level 3 spell: Regeneration
 40343 | Orc:1    | Learned a level 2 spell: Song of Slaying
 40400 | Orc:1    | Noticed Erica
 40415 | Orc:1    | Killed Erica
 40596 | Orc:2    | Paralysed by an orc sorcerer for 2 turns
 41147 | Lair:6   | Gained mutation: You have sharp toenails. [potion of mutation]
 41147 | Lair:6   | Gained mutation: You are resistant to hostile enchantments. (MR+) [potion of mutation]
 41147 | Lair:6   | Gained mutation: Your mind is acute. (Int +2) [potion of mutation]
 41212 | Swamp:1  | Entered Level 1 of the Swamp
 41312 | Swamp:1  | Reached skill level 1 in Charms
 41320 | Swamp:1  | Found a frozen archway.
 41331 | IceCv    | Entered an ice cave
 42417 | IceCv    | Identified a +6 rod of clouds (12/12) (You found it in an ice cave)
 43833 | Swamp:2  | Noticed a thorn hunter
 43836 | Swamp:2  | Noticed a thorn hunter
 43845 | Swamp:2  | Killed a thorn hunter
 43851 | Swamp:2  | Killed a thorn hunter
 44237 | Swamp:2  | Found a radiant altar of Vehumet.
 44998 | Swamp:3  | Noticed a thorn hunter
 45012 | Swamp:3  | Killed a thorn hunter
 45359 | Swamp:3  | Noticed a thorn hunter
 45365 | Swamp:3  | Killed a thorn hunter
 45380 | Swamp:3  | Noticed a thorn hunter
 45388 | Swamp:3  | Killed a thorn hunter
 45670 | Swamp:3  | Reached XP level 17. HP: 146/146 MP: 28/28
 47250 | Swamp:4  | Entered Level 4 of the Swamp
 47284 | Swamp:4  | Reached skill level 15 in Transmutations
 47447 | Swamp:4  | Noticed tstbtto's ghost (adept DDFi)
 47465 | Swamp:4  | Killed tstbtto's ghost
 48358 | Swamp:4  | Reached skill level 10 in Spellcasting
 48914 | Swamp:4  | Got a decaying rune of Zot
 49679 | Vaults:1 | Entered Level 1 of the Vaults
 49707 | Vaults:1 | Reached skill level 16 in Unarmed Combat
 49881 | Vaults:1 | Reached XP level 18. HP: 154/154 MP: 20/32
 49980 | Vaults:1 | Reached skill level 5 in Charms
 50011 | Vaults:1 | Found Yngy's Magic Scroll Boutique.
 50019 | Vaults:1 | Bought a scroll of blinking for 135 gold pieces
 51042 | Vaults:1 | Identified the Catalogue of Congealing Sinister Arts
 51210 | Vaults:1 | Bought a scroll of acquirement for 936 gold pieces
 51257 | Vaults:1 | Reached skill level 17 in Unarmed Combat
 52028 | Vaults:2 | Reached skill level 10 in Invocations
 52601 | Vaults:2 | Found a staircase to the Crypt.
 52860 | Vaults:3 | Reached skill level 18 in Unarmed Combat
 52860 | Vaults:3 | Reached XP level 19. HP: 161/161 MP: 24/33
 53907 | Vaults:3 | Found a portal to a secret trove of treasure.
 55037 | Vaults:4 | Reached skill level 19 in Unarmed Combat
 55374 | Vaults:4 | Noticed a golden dragon
 55381 | Vaults:4 | Killed a golden dragon
 55394 | Vaults:4 | Identified the Papyrus of Curses
 55426 | Vaults:4 | Got a wavering jade ring
 55428 | Vaults:4 | Identified the ring "Zolir" {rPois MP-9 Int+4 Dex-2 SInv} (You found it on level 4 of the Vaults)
 55492 | Vaults:4 | Noticed a lich
 55503 | Vaults:4 | Killed a lich
 55507 | Vaults:4 | Reached XP level 20. HP: 169/169 MP: 24/35
 55542 | Vaults:4 | Got a crude pewter amulet
 55544 | Vaults:4 | Identified the amulet "Mohawitt" {Inacc rElec rC+ Str-3} (You found it on level 4 of the Vaults)
 55980 | Vaults:4 | Identified the Collected Works on Lightness
 56403 | Vaults:4 | Paralysed by a great orb of eyes for 4 turns
 56404 | Vaults:4 | Slain by an ettin

Vault maps used:
D:1:      lemuel_arrival_river_bridge
D:2:      first_bread, uniq_robin
D:3:      eat_drink_and_be_merry_uskayaw, gammafunk_temple_overflow_claw,
          minmay_misc_feat_ornament, due_unseen_surprise
D:4:      grunt_temple_overflow_order_and_chaos_1, kennysheep_mini,
          minmay_temple_entry_mist, uniq_grinder, uniq_sigmund
D:5:      goddamned_bats
D:6:      grunt_qazlal_sundering, lemuel_blue_sif_altar,
          kiku_gazebo_garden_becter, uniq_prince_ribbit1,
          uniq_crazy_yiuf_cottage
D:7:      lemuel_doored_altar, okawaru_altar_gauntlet_db, uniq_pikel
D:10:     hangedman_little_slice_of_home
D:11:     dpeg_oklobed_lair, orc_0_dummy, fedhas_altar_4
D:12:     elyvilon_altar_5, uniq_rupert, uniq_fannar, uniq_maud
D:13:     david_vaults_1, uniq_josephine, uniq_maurice
D:14:     serial_bayou_shore_b, uniq_louise
D:15:     grunt_enter_depths_giant_problem, lab_entry_generic, basic_altar,
          uniq_kirke
Lair:2:   serial_bayou_shore_a
Lair:3:   grunt_megastairs_1, uniq_urug, uniq_harold
Lair:4:   minmay_snake_entry_spellcaster
Lair:5:   beast_lair_carwin_large_2, grunt_megastairs_5
Lair:6:   boulder_dual_corridor_run, minmay_swamp_entry_worms, slime_altar_1,
          lemuel_oklob_altar
Lair:7:   onia_ninara_swampy_vault, infiniplex_staircase_pool_2
Lair:8:   hangedman_lair_tendril_chambers, lemuel_fruit_fields
Swamp:1:  portal_ice_cave_entry_pillars_1, nicolae_swamp_round_clearing
Swamp:2:  nicolae_swamp_godswood, swamp_pool1
Swamp:3:  nicolae_swamp_phyte_club, nicolae_swamp_little_tower, swamp_pool5,
          hangedman_swamp_double_dragon
Swamp:4:  swamp
Orc:1:    serial_shops, shop, mines4_lemuel, uniq_erolcha, uniq_erica
Orc:2:    grunt_orc_gardens, grunt_orc_garden, grunt_orc_garden,
          grunt_orc_garden, grunt_orc_garden, serial_shops,
          nicolae_shop_waterfront, minmay_orc_barracks, uniq_sonja
Vaults:1: vaults_mumra_chevron, nicolae_vaults_triangles, vaults_room_fours,
          v_pattern_5, vaults_room_semicircle, v_rooms_1,
          nicolae_vaults_network_star, grunt_vaults_twisty, vaults_room_pool,
          vaults_room_door_ring, serial_shops, shop
Vaults:2: v_misc_9, nicolae_vaults_circle_grid_b, nicolae_vaults_little_ls,
          ontoclasm_vaults_spin, ontoclasm_vaults_ring_square, v_misc_18,
          nicolae_vaults_what_the_h, hangedman_vaults_nails,
          minmay_crypt_entry_nasty_monster
Vaults:3: hangedman_vaults_trim, vaults_room_hallway,
          nicolae_vaults_display_case, v_misc_10, ontoclasm_vaults_ring_square,
          vaults_dpeg_encased_lava, v_pattern_3, nicolae_vaults_ninety_degrees,
          v_misc_13, nicolae_trove_entry_columns
Vaults:4: v_rooms_6, ontoclasm_vaults_loading_screen,
          nicolae_vaults_back_hallway, st_greater_box_3,
          nicolae_vaults_little_squares_4, v_misc_23, ontoclasm_vaults_fault,
          nicolae_vaults_windows_and_doors_thing, nicolae_vaults_angled_halls,
          v_misc_30
Lab:      nicolae_lab_hexagon, lab_statue, labyrinth_skeletal_remains,
          nicolae_lab_grate, labyrinth_fake_exit, nicolae_lab_blocks,
          nicolae_lab_flowing_pool, nicolae_lab_t_cross, nicolae_lab_do_over
IceCv:    ice_cave_statue_garden_chambered

Skill      XL: |  1  2  3  4  5  6  7  8  9 10 11 12 13 14 15 16 17 18 19 20 |
---------------+-------------------------------------------------------------+-----
Unarmed Combat | 4 5 6 7 8 10 11 12 13 15 16 18 19 | 19.9
Dodging        | 2 3 5 6 7 8 9 10 | 10.6
Fighting       | 2 3 4 5 8 9 10 11 12 | 12.3
Stealth        | 1 2 3 5 6 |  6.0
Shields        | 3 6 |  6.6
Transmutations | 4 5 9 10 11 14 15 | 15.0
Evocations     | 2 4 5 6 7 8 |  8.0
Translocations | 6 |  6.0
Invocations    | 5 7 10 11 | 11.6
Spellcasting   | 5 6 7 10 11 | 11.6
Charms         | 3 4 7 8 |  8.4

Action                   |  1- 3 |  4- 6 |  7- 9 | 10-12 | 13-15 | 16-18 | 19-21 || total
-------------------------+-------+-------+-------+-------+-------+-------+-------++-------
Melee: Unarmed           |   133 |   188 |   382 |   833 |  1762 |  1451 |   361 ||  5110
       Punch             |     4 |     4 |     7 |       |    24 |    57 |    26 ||   122
       Tailslap          |     7 |    15 |    57 |   178 |   297 |   264 |    68 ||   886
       Headbutt          |     4 |     3 |    17 |   157 |   265 |   186 |    24 ||   656
       Kick              |     3 |    23 |    20 |       |       |       |       ||    46
       Trident           |       |       |    21 |       |       |       |       ||    21
       Whip              |       |       |   105 |   275 |       |       |       ||   380
       Hand axe          |       |       |       |     9 |       |       |       ||     9
       Bite              |       |       |       |       |       |    47 |    15 ||    62
Throw: Javelin           |       |     2 |     4 |    19 |    58 |    70 |       ||   153
 Cast: Beastly Appendage |     9 |    14 |    27 |    82 |   124 |    92 |    12 ||   360
       Sticks to Snakes  |       |    10 |     7 |     1 |       |       |       ||    18
       Repel Missiles    |       |       |       |     1 |     5 |    10 |     4 ||    20
       Blink             |       |       |       |     1 |    24 |    34 |     4 ||    63
       Blade Hands       |       |       |       |       |    49 |    38 |    10 ||    97
       Regeneration      |       |       |       |       |       |   103 |    39 ||   142
       Song of Slaying   |       |       |       |       |       |     9 |    13 ||    22
       Dragon Form       |       |       |       |       |       |    18 |     9 ||    27
Invok: Line Pass         |       |       |     2 |     1 |     1 |       |       ||     4
       Stomp             |       |       |       |     1 |     1 |       |       ||     2
 Abil: Breathe Fire      |       |       |     9 |    30 |    26 |    37 |     4 ||   106
       End Transformatio |       |       |       |       |     3 |    13 |     1 ||    17
Evoke: Wand              |       |       |     7 |    15 |     7 |     5 |       ||    34
       Box of beasts     |       |       |       |       |     9 |       |       ||     9
       Disc of storms    |       |       |       |       |     2 |     3 |       ||     5
       Sack of spiders   |       |       |       |       |     5 |       |       ||     5
       Rod               |       |       |       |       |     2 |       |       ||     2
       Phantom mirror    |       |       |       |       |     1 |       |       ||     1
  Use: Scroll            |       |     3 |     1 |    29 |    17 |    13 |     1 ||    64
       Potion            |       |       |       |     2 |     2 |     1 |       ||     5
 Stab: Sleeping          |     1 |       |    18 |    24 |    14 |     5 |     4 ||    66
       Paralysed         |       |     1 |     8 |    29 |    74 |    97 |    56 ||   265
       Confused          |       |       |     1 |       |       |       |       ||     1
       Distracted        |       |       |       |     2 |     4 |     2 |       ||     8
  Eat: Chunk             |     2 |     9 |    18 |    28 |    51 |    37 |    19 ||   164
       Pizza             |       |       |     1 |     2 |       |     2 |       ||     5
       Meat ration       |       |       |     1 |     3 |     6 |     1 |       ||    11
       Fruit             |       |       |       |     1 |     1 |     1 |       ||     3
       Beef jerky        |       |       |       |       |     1 |     2 |     2 ||     5
       Bread ration      |       |       |       |       |       |     6 |       ||     6
Armor: Skin              |    42 |    68 |   199 |   272 |   399 |   410 |    92 ||  1482
Dodge: Dodged            |    98 |   137 |   407 |   823 |  1306 |   827 |   180 ||  3778
       Deflected         |       |       |       |       |    15 |    36 |    15 ||    66
Block: Buckler           |       |       |    63 |   311 |   372 |   187 |    34 ||   967
